 Dungeon Crawl Stone Soup version 0.24-a0-184-gcb5ae2c (webtiles) character file.

Game seed: 2954042920035433266

28 Dfrag the Firebug (level 2, -3/19 HPs)
             Began as a Demonspawn Fire Elementalist on Mar 15, 2019.
             Slain by an adder (4 damage)
             ... on level 1 of the Dungeon.
             The game lasted 00:01:16 (676 turns).

Dfrag the Firebug (Demonspawn Fire Elementalist)     Turns: 676, Time: 00:01:16

Health: -3/19      AC:  4    Str:  8    XL:     2   Next: 96%
Magic:  1/5        EV: 10    Int: 16    God:
Gold:   29         SH:  0    Dex: 13    Spells: 4/5 levels left

rFire    . . .     SeeInvis .   b - +0 dagger
rCold    . . .     Gourm    .   (no shield)
rNeg     . . .     Faith    .   a - +0 robe
rPois    .         Spirit   .   (no helmet)
rElec    .         Reflect  .   (no cloak)
rCorr    .         Harm     .   (no gloves)
MR       .....                  (no boots)
Stlth    ++........             (no amulet)
HPRegen  0.06/turn              h - -2 ring of evasion (curse)
MPRegen  0.09/turn              (no ring)

@: flying
A: icy blue scales 1
a: no special abilities


You were on level 1 of the Dungeon.
You were not hungry.

You visited 1 branch of the dungeon, and saw 2 of its levels.

You collected 29 gold pieces.

Inventory:

Hand Weapons
 b - a +0 dagger (weapon)
Armour
 a - a +0 robe (worn)
Jewellery
 h - a cursed -2 ring of evasion (left hand)
Scrolls
 e - a scroll of remove curse {unknown}
 f - a scroll of enchant armour {unknown}
 g - a scroll of fear {unknown}
Comestibles
 c - a ration


   Skills:
 - Level 1.7 Dodging
 - Level 1.7 Stealth
 + Level 2.4 Spellcasting
 + Level 1.8 Conjurations
 + Level 3.1 Fire Magic


You had 4 spell levels left.
You knew the following spells:

 Your Spells              Type           Power        Failure   Level  Hunger
a - Flame Tongue          Conj/Fire      #....        7%          1    #......

Your spell library contained the following spells:

 Spells                   Type           Power        Failure   Level  Hunger
 Throw Flame              Conj/Fire      #.....       11%         2    ###....
 Conjure Flame            Conj/Fire      #.......     22%         3    ###....
 Inner Flame              Hex/Fire       #.......     30%         3    ###....
 Sticky Flame             Conj/Fire      #.......     56%         4    #####..
 Fireball                 Conj/Fire      #.........   89%         5    ######.


Dungeon Overview and Level Annotations

Branches:
Dungeon (2/15)

Altars:


Innate Abilities, Weirdness & Mutations

You are partially covered in icy blue scales. (AC +2)


Message History

The adder bites you but does no damage.
Casting: Flame Tongue (safe; 7% risk of failure)
Confirm with . or Enter, or press ? or * to list all spells.
Aiming: Flame Tongue (safe; 7% risk of failure)
Press: ? - help, Shift-Dir - straight line, f - giant cockroach
Aim: a giant cockroach The flame tongue misses the giant cockroach.
The giant cockroach bites you.
* * * LOW HITPOINT WARNING * * *
The adder bites you.
* * * LOW HITPOINT WARNING * * *
Unknown command.
The adder bites you but does no damage. x2
The giant cockroach bites you but does no damage.
The adder barely misses you.
It was a potion of flight.
You feel very buoyant.
You fly up into the air.
The giant cockroach barely misses you. The adder bites you.
You die...

############
##.....@s...## ##
##.......S.[.>## .#
#..............# .#
#..............# .#
#..............# .#
#.)............# .#
#...........[..#
.#########.........)..##
........###..........##


You could see an adder and a giant cockroach.

Vanquished Creatures
  An ooze (D:1)
  A leopard gecko (D:1)
  A giant cockroach (D:1)
  3 hobgoblins
  3 jackals (D:1)
  3 bats
  A frilled lizard (D:1)
  2 goblins (D:1)
  5 kobolds (D:1)
  2 rats (D:1)
22 creatures vanquished.

Notes
Turn   | Place    | Note
-------+----------+-------------------------------------------
     0 | D:1      | Dfrag the Demonspawn Fire Elementalist began the quest for
                  | the Orb.
     0 | D:1      | Reached XP level 1. HP: 13/13 MP: 3/3
   105 | D:1      | Gained mutation: You are partially covered in icy blue
                  | scales. (AC +2) [demonic ancestry]
   105 | D:1      | Reached XP level 2. HP: 16/19 MP: 0/5
   185 | D:1      | Reached skill level 3 in Fire Magic
   676 | D:1      | Slain by an adder

Levels and vault maps discovered:
D:1:      scummos_arrival_checkerplants, layout_rooms, minmay_misc_feat_ornament
D:2:      layout_rooms, first_ration

Skill      XL: |  1  2 |
---------------+-------+-----
Fire Magic     | 3 |  3.1
Dodging        | |  1.7
Stealth        | |  1.7
Spellcasting   | |  2.4
Conjurations   | |  1.8

Action                   || total
-------------------------++-------
Melee: Unarmed           ||    18
       Dagger            ||    31
 Cast: Flame Tongue      ||    38
  Use: Potion            ||     1
Armor: Robe              ||    27
Dodge: Dodged            ||    41

Table legend:
 A = Non-vault XP
 B = Vault XP
 C = Vault XP percentage of total XP
 D = Non-vault monster count
 E = Vault monster count
 F = Vault count percentage of total count
                 A         B        C        D         E       F
            +---------+---------+-------+---------+---------+-------
      Total |      40 |       0 |   0.0 |      22 |       0 |   0.0
            +---------+---------+-------+---------+---------+-------
        D:1 |      35 |       0 |   0.0 |      19 |       0 |   0.0
        D:2 |       5 |       0 |   0.0 |       3 |       0 |   0.0
            +---------+---------+-------+---------+---------+-------
